 Dungeon Crawl Stone Soup version 0.23.2-1-ga50397a (webtiles) character file.

Game seed: 689355622573944418

92 goulibeur the Insei (level 4, -4/36 HPs)
             Began as a Draconian Transmuter on May 28, 2019.
             Slain by a gnoll
             ... wielding a cursed -3 whip
              (12 damage)
             ... on level 2 of the Dungeon.
             The game lasted 00:04:49 (1640 turns).

goulibeur the Insei (Draconian Transmuter)          Turns: 1640, Time: 00:04:49

Health: -4/36      AC:  5    Str: 12    XL:     4   Next: 35%
Magic:  8/8        EV: 12    Int: 14    God:
Gold:   69         SH:  0    Dex: 12    Spells: 8/9 levels left

rFire    . . .     SeeInvis .     - Unarmed
rCold    . . .     Gourm    .   (no shield)
rNeg     . . .     Faith    .   (armour unavailable)
rPois    .         Spirit   .   (helmet restricted)
rElec    .         Reflect  .   (no cloak)
rCorr    .         Harm     .   (no gloves)
MR       .....                  (no boots)
Stlth    +.........             (no amulet)
HPRegen  0.12/turn              (no ring)
MPRegen  0.11/turn              (no ring)

@: appendage (expiring)
A: unfitting armour, horns 2, cold-blooded, AC +5
a: End Transformation


You were on level 2 of the Dungeon.
You were hungry.
You had grown temporary horns.
You visited 1 branch of the dungeon, and saw 2 of its levels.

You collected 69 gold pieces.

Inventory:

Missiles
 a - 12 arrows
Scrolls
 b - a scroll of blinking {unknown}
 d - a scroll of remove curse {unknown}
 h - a scroll of identify {unknown}
Potions
 e - a potion of curing {unknown}
 g - a potion of degeneration {unknown}
Comestibles
 c - 6 rations
 f - 4 chunks of flesh


   Skills:
 + Level 1.9 Fighting
 + Level 2.3 Dodging
 + Level 3.3 Unarmed Combat
 * Level 3.0 Spellcasting
 + Level 2.6 Transmutations


You had 8 spell levels left.
You knew the following spells:

 Your Spells              Type           Power        Failure   Level  Hunger
a - Beastly Appendage     Tmut           #.....       8%          1    #......

Your spell library contained the following spells:

 Spells                   Type           Power        Failure   Level  Hunger
 Sticks to Snakes         Tmut           #.......     11%         2    ##.....
 Spider Form              Tmut/Pois      #.........   36%         3    ###....
 Ice Form                 Ice/Tmut       #.......     77%         4    #####..
 Blade Hands              Tmut           #.........   90%         5    ######.


Dungeon Overview and Level Annotations

Branches:
Dungeon (2/15)

Altars:
Xom


Innate Abilities, Weirdness & Mutations

Your plain brown scales are hard. (AC +5)
You cannot fit into any form of body armour.
You are cold-blooded and may be slowed by cold attacks.
You have a pair of horns on your head.


Message History

The rat closely misses you. The gnoll barely misses you.
You hit the gnoll but do no damage.
You headbutt the gnoll, but do no damage.
The gnoll is severely wounded.
The rat bites you.
You hit the gnoll. Your headbutt misses the gnoll.
The gnoll is almost dead.
The gnoll hits you with a +0 club. The rat bites you but does no damage.
You hit the gnoll but do no damage. You tail-slap the gnoll.
You kill the gnoll!
The rat misses you. The gnoll barely misses you.
The gnoll hits you but does no damage.
Things that are here:
a +0 club; a +0 flail; a gnoll corpse You hit the gnoll.
The gnoll is lightly wounded.
The gnoll hits you with a +0 whip.
* * * LOW HITPOINT WARNING * * *
The gnoll hits you with a cursed -3 whip!
You die...

#.#.#
#..........
#.#.##
#....######
#.#..# #....#
#.##.## #....#
#. #..# #....#
#.###.#####....#
#..............#
#####g.###.....#
#..r@g.......
#.####.####.. ..
... ... #g## ...
.. .. #.# . .#


You could see 2 gnolls and a rat.

Vanquished Creatures
  3 gnolls
  3 dart slugs (D:1)
  4 leopard geckos
  2 ball pythons (D:1)
  4 giant cockroaches (D:1)
  6 hobgoblins
  6 jackals (D:1)
  6 bats
  2 frilled lizards (D:1)
  4 goblins
  8 kobolds (D:1)
  5 rats
53 creatures vanquished.

Notes
Turn   | Place    | Note
-------+----------+-------------------------------------------
     0 | D:1      | goulibeur the Draconian Transmuter began the quest for the
                  | Orb.
     0 | D:1      | Reached XP level 1. HP: 16/16 MP: 3/3
   236 | D:1      | Reached XP level 2. HP: 23/23 MP: 5/5
   248 | D:1      | Found a shimmering altar of Xom.
   479 | D:1      | Reached XP level 3. HP: 25/28 MP: 6/6
  1546 | D:2      | Reached XP level 4. HP: 36/36 MP: 8/8
  1640 | D:2      | Slain by a gnoll

Skill      XL: |  1  2  3  4 |
---------------+-------------+-----
Dodging        | 2 |  2.3
Spellcasting   | 3 |  3.0
Fighting       | |  1.9
Unarmed Combat | |  3.3
Transmutations | |  2.6

Action                   |  1- 3 |  4- 6 || total
-------------------------+-------+-------++-------
Melee: Unarmed           |   159 |    27 ||   186
       Headbutt          |     3 |     4 ||     7
       Tailslap          |    14 |     6 ||    20
 Cast: Beastly Appendage |     1 |     1 ||     2
 Stab: Sleeping          |     2 |       ||     2
  Eat: Chunk             |     2 |       ||     2
Armor: Skin              |    44 |     8 ||    52
Dodge: Dodged            |   120 |    18 ||   138
